 Dungeon Crawl Stone Soup version 0.32-a0-995-gb4a59205af (webtiles) character file.

Game seed: 10429053089540103216

77 protoss039 the Digger (level 4, 33/33 HPs)
             Began as a Demonspawn Earth Elementalist on Apr 22, 2024.
             Got out of the dungeon alive.
             The game lasted 00:01:49 (2546 turns).

protoss039 the Digger (DsEE)                        Turns: 2546, Time: 00:01:50

Health: 33/33      AC:  3    Str:  9    XL:     4   Next: 13%
Magic:  8/8        EV: 11    Int: 17    God:
Gold:   197        SH:  0    Dex: 13    Spells: 7/8 levels left

rFire   . . .        f - +0 dagger
rCold   . . .        (no shield)
rNeg    . . .        a - +0 robe
rPois   .            (helmet restricted)
rElec   .            (no cloak)
rCorr   .            e - +0 pair of gloves
SInv    .            (no boots)
Will    .....        (no amulet)
Stlth   ++           (no ring)
HPRegen 0.25/turn    (no ring)
MPRegen 0.11/turn

%: no passive effects
@: no status effects
A: antennae 2, demonic guardian 1
a: no special abilities


You escaped.
You visited 1 branch of the dungeon, and saw 3 of its levels.

You collected 197 gold pieces.

Inventory:

Hand Weapons
 f - a +0 dagger (weapon)
Armour
 a - a +0 robe (worn)
 e - a +0 pair of gloves (worn)
Scrolls
 c - a scroll of identify {unknown}
 d - 2 scrolls of immolation {unknown}
 h - a scroll of revelation {unknown}
 i - a scroll of noise {unknown}
 n - a scroll of enchant weapon {unknown}
Potions
 b - a potion of magic
 g - a potion of might {unknown}
 j - a potion of lignification {unknown}
 k - a potion of brilliance {unknown}
 l - a potion of mutation {unknown}
 m - a potion of haste {unknown}


   Skills:
 + Level 2.0 Fighting
 - Level 1.7 Dodging
 - Level 1.7 Stealth
 + Level 2.8 Spellcasting
 - Level 1.0 Conjurations
 + Level 3.4 Earth Magic


You had 7 spell levels left.
You knew the following spells:

 Your Spells              Type           Power      Damage    Failure   Level
a - Sandblast             Erth           28%        2d8       4%          1

Your spell library contained the following spells:

 Spells                   Type           Power      Damage    Failure   Level
 Passwall                 Erth           14%        N/A       13%         3
 Stone Arrow              Conj/Erth      18%        3d8       22%         3
 Brom's Barrelling Bould  Conj/Erth      9%         2d3       56%         4
 Petrify                  Alch/Erth      8%         N/A       65%         4


Dungeon Overview and Level Annotations

Branches:
Dungeon (3/15) Zot: 15412

Altars:
Dithmenos
Gozag
Makhleb
Nemelex Xobeh


Innate Abilities, Weirdness & Mutations

You have a pair of antennae on your head.
A weak demonic guardian rushes to your aid.


Message History

Aiming: Sandblast (safe; 4% risk of failure)
Press: ? - help, Shift-Dir - straight line, f/p - giant cockroach
Aim: a giant cockroach (almost dead, 82% to hit)
The blast of sand hits the giant cockroach but does no damage.
The giant cockroach is almost dead.
The giant cockroach closely misses you. The giant cockroach barely misses you.
You hit the giant cockroach but do no damage.
The giant cockroach is almost dead.
The giant cockroach misses you.
A giant cockroach is nearby!
A giant cockroach is nearby!
Casting: Sandblast (safe; 4% risk of failure)
Confirm with . or Enter, or press ? or * to list all spells.
Aiming: Sandblast (safe; 4% risk of failure)
Press: ? - help, Shift-Dir - straight line, f/p - giant cockroach
Aim: a giant cockroach (almost dead, 82% to hit)
The blast of sand hits the giant cockroach.
You kill the giant cockroach!
Unknown command.
There is a stone staircase leading up here.
Unknown command.
What level of the Dungeon? (default 3, ? - help)
You climb upwards.
There is a stone staircase leading down here.
Magic restored.
Things that are here:
a stone; a +0 short sword; a kobold skeleton You see here a +0 dagger.
You see here 6 stones.
There is a stone staircase leading up here.
You climb upwards.
There is a stone staircase leading down here.
You see here a +0 dagger.
You see here a goblin skeleton.
There is an open door here.
There is an open door here.
You enter the shallow water.
Moving in this stuff is going to be slow.
There is a staircase leading out of the dungeon here.
You have escaped!

#.###...#.###########
#.........# #####.#####
########## #.#
.........##########
.#######.'.~#~#~~≈#
.#.....#.###~#~##≈#
.#.....#.###~#~#~≈###
.#.......#.~~#~#@≈'.#
.#.....#.#.###~~~~#.#
.#.....#.#.#.#~##≈#.#
.###.###.#...#~~≈≈#.######
.........###'######......#
####.###.....# #.######.#
##.######### #.# #.#
##...### #.# #.#
##.#.#..## ##'## #.#######


There were no monsters in sight!

Vanquished Creatures
  3 adders (D:2)
  2 ribbon worms (D:2)
  A dart slug (D:1)
  An endoplasm (D:2)
  3 giant cockroaches
  6 goblins
  5 hobgoblins
  2 jackals (D:2)
  A quokka (D:2)
  7 ball pythons
  3 bats
  2 frilled lizards
  2 kobolds
  6 rats
44 creatures vanquished.

Notes
Turn   | Place    | Note
-------+----------+-------------------------------------------
     0 | D:1      | protoss039 the Demonspawn Earth Elementalist began the
                  | quest for the Orb.
     0 | D:1      | Reached XP level 1. HP: 13/13 MP: 3/3
   369 | D:1      | Gained mutation: You have a pair of small antennae on your
                  | head. [demonic ancestry]
   369 | D:1      | Reached XP level 2. HP: 18/20 MP: 1/5
   791 | D:1      | Reached skill level 1 in Fighting
   816 | D:1      | Reached skill level 3 in Earth Magic
  1231 | D:2      | Gained mutation: A weak demonic guardian rushes to your
                  | aid. [demonic ancestry]
  1231 | D:2      | Reached XP level 3. HP: 22/26 MP: 3/6
  1636 | D:2      | Gained mutation: You have a pair of antennae on your head.
                  | [demonic ancestry]
  1636 | D:2      | Reached XP level 4. HP: 33/33 MP: 5/8
  2297 | D:3      | Found a shadowy altar of Dithmenos.
  2299 | D:3      | Found a burning altar of Makhleb.
  2302 | D:3      | Found a sparkling altar of Nemelex Xobeh.
  2314 | D:3      | Found an opulent altar of Gozag.
  2546 | D:$      | Got out of the dungeon alive.

Illustrated notes

Levels and vault maps discovered:
D:1:      ncdulo_wetmaze, layout_loops_corners, fountainhead
D:2:      layout_basic
D:3:      layout_rooms, grunt_temple_overflow_open, jmf_multi_god_temple,
          mainiacjoe_overflow_tiny_flanked, chei_slow_surprise

Skill      XL: |  1  2  3 |
---------------+----------+-----
Fighting       | 1 2 |  2.0
Earth Magic    | 3 |  3.4
Dodging        | |  1.7
Stealth        | |  1.7
Spellcasting   | |  2.8
Conjurations   | |  1.0

Action                     |  1- 3 |  4- 6 || total
---------------------------+-------+-------++-------
  Melee: Dagger            |    33 |     6 ||    39
   Cast: Sandblast         |    50 |    12 ||    62
   Stab: Sleeping          |     2 |     1 ||     3
 Armour: Robe              |    41 |     9 ||    50
  Dodge: Dodged            |    42 |     7 ||    49

Table legend: (Time is in decaauts)
 A = Elapsed time spent in this place.
 B = Non-inter-level travel time spent in this place.
 C = Inter-level travel time spent in this place.
 D = Time resting spent in this place.
 E = Time spent auto-exploring this place.
 F = Levels seen in this place.
 G = Mean time per level.
                   A        B        C        D        E       F      G
               +--------+--------+--------+--------+--------+-----+--------+
         Total |   2587 |   2363 |    224 |      0 |   2064 |   3 |  862.3 |
       Dungeon |   2587 |   2363 |    224 |      0 |   2064 |   3 |  862.3 |
               +--------+--------+--------+--------+--------+-----+--------+

Top non-repeatable levels by time:
     D:2: 1306 daAuts
     D:1: 1129 daAuts
     D:3: 151 daAuts
